Cogmind - Beta 12 @@@ ROGUE MODE // 2023.12.23 @ 16:36:20 Player: Ischenous Result: Destroyed by as-72846 with Assembled Heavy Rifle Performance ------------- Evolutions (1) 500 Regions Visited (3) 600 Robots Destroyed (26) 130 Value Destroyed (488) 488 Prototype IDs (0) 0 Alien Tech Used (0) 0 Bonus (16) 16 TOTAL SCORE: 1734 Bonus ------- High Alert Combat Kills 16 Cogmind --------- Core Integrity 0/400 Matter 300/300 Energy 100/100 System Corruption 0% Temperature Cool (0) Movement Core (150) Ox2 Location -9/Mines Parts ------- > --- POWER (1) -------- (None) > --- PROPULSION (2) --- (None) > --- UTILITY (4) ------ Small Storage Unit Visual Processing Unit > --- WEAPON (2) ------- Maul > --- INVENTORY (8) ---- Light Ion Engine Improved Heat Sink Signal Interpreter Light Assault Rifle Grenade Launcher Peak State ------------ > --- POWER ------------ Ion Engine > --- PROPULSION ------- Compact Wheel Compact Wheel > --- UTILITY ---------- Small Storage Unit Visual Processing Unit Improved Targeting Computer Light Armor Plating > --- WEAPON ----------- Small Laser Light Assault Rifle > --- INVENTORY -------- Light Ion Engine Improved Heat Sink Signal Interpreter Light Assault Rifle Maul [Rating: 11] Favorites ----------- Power Light Ion Engine Engine Light Ion Engine Propulsion Compact Wheel Wheel Compact Wheel Utility Small Storage Unit Storage Small Storage Unit Processor Improved Targeting Computer Protection Light Armor Plating Weapon Light Assault Rifle Energy Gun Small Laser Ballistic Gun Light Assault Rifle Impact Weapon Maul Build | -11 -10 -9 -9 ------- Run | Jun Mat Mat Min Slots Evolved 2 | . . 2 . Power . | . . . . Propulsion . | . . . . Utility 2 | . . 2 . Weapon . | . . . . Parts Attached 17 | 5 2 9 1 Power 3 | 1 . 2 . Engine 3 | 1 . 2 . Core . | . . . . Reactor . | . . . . Propulsion 4 | 1 1 2 . Treads . | . . . . Leg . | . . . . Wheel 4 | 1 1 2 . Hover . | . . . . Flight . | . . . . Utility 4 | 1 . 3 . Device . | . . . . Storage 1 | 1 . . . Processor 2 | . . 2 . Hackware . | . . . . Protection 1 | . . 1 . Artifact . | . . . . Weapon 6 | 2 1 2 1 Energy Gun 2 | 1 . 1 . Energy Cannon . | . . . . Ballistic Gun 3 | 1 1 1 . Ballistic Cannon . | . . . . Launcher . | . . . . Special Weapon . | . . . . Impact Weapon 1 | . . . 1 Slashing Weapon . | . . . . Piercing Weapon . | . . . . Special Melee Weapon . | . . . . Unidentified Prototypes . | . . . . Parts Lost 13 | . 2 5 6 Power 3 | . . 2 1 Propulsion 4 | . 1 1 2 Utility 2 | . . . 2 Weapon 4 | . 1 2 1 Highest Loss Streak 6 | . 1 3 6 To Critical Strikes . | . . . . Average Slot Usage (%) 71 | . 64 68 87 Engine 10 | . 14 9 9 Wheel 16 | . 13 15 19 Storage 11 | . 14 11 11 Processor 11 | . . 12 20 Protection 2 | . . 1 7 Energy Gun 6 | . 6 6 7 Ballistic Gun 12 | . 15 12 8 Naked Turns . | . . . . Heaviest Build 15 | 11 11 15 15 Greatest Support 32 | 10 16 32 32 Greatest Overweight (x) 3 | 3 2 . . Average Overweight (x) . | . . . . Largest Inventory Capacity 8 | 8 8 8 8 Average Capacity 7 | 6 8 8 8 Most Carried 6 | 4 4 6 6 Average Carried 4 | 1 1 4 5 Final Capacity 8 | 8 8 8 8 Final Carried 5 | 1 2 5 5 Class Distribution -------------------- 80% | Mutant 19% | Scavenger-Mutant Dominant Class ---------------- Mutant | -10/Materials Mutant | -9/Materials Scavenger-Mutant | -9/Mines Resources | -11 -10 -9 -9 ----------- Run | Jun Mat Mat Min Matter Collected 416 | 84 205 125 2 Remotely . | . . . . Salvage Created 664 | . 281 344 39 Parts 49 | . 19 30 . Haulers Intercepted . | . . . . Recyclers Shooed 1 | . . 1 . Parts Field Recycled . | . . . . Retrieved Matter . | . . . . Parts Self-Destructed . | . . . . Prevented . | . . . . Kills | -11 -10 -9 -9 ------- Run | Jun Mat Mat Min Combat Hostiles Destroyed 28 | . 9 15 4 Melee 3 | . . . 3 Guns 24 | . 9 15 . Classes Destroyed 6 | . 3 2 1 Operator 1 | . 1 . . Watcher 1 | . . 1 . Swarmer 16 | . 5 11 . Grunt 7 | . 4 3 . Sentry 1 | . . 1 . Assembled 4 | . . . 4 Best Kill Streak 8 | . 4 8 4 Combat Bots Only 8 | . 4 8 4 Max Kills in Single Turn 2 | . 1 2 1 Gunslinging . | . . . . Exploded . | . . . . Melee 1 | . . . 1 Uniques/NPCs Destroyed . | . . . . Combat | -11 -10 -9 -9 -------- Run | Jun Mat Mat Min Damage Taken 1500 | . 407 599 494 Core 595 | . 180 234 181 Absorbed by Shields . | . . . . Core Remaining (%) 64 | 100 28 . . Volleys Fired 84 | . 35 42 7 Largest 2 | . 2 2 2 Hottest 70 | . 70 60 60 Shots Fired 125 | . 54 62 9 Gun 125 | . 54 62 9 Cannon . | . . . . Launcher . | . . . . Special . | . . . . Kinetic 86 | . 38 41 7 Thermal 39 | . 16 21 2 Explosive . | . . . . Electromagnetic . | . . . . Robot Hit Streak 11 | . 7 11 5 Robot Miss Streak 4 | . 4 3 1 Penetration Max . | . . . . Secondary Targets 5 | . 2 3 . Max Gunslinging Chain 1 | . 1 1 . Shots Hit Robots 87 | . 28 45 14 Core Hits 47 | . 18 24 5 Critical Kills 1 | . . 1 . Critical Parts Destroyed 1 | . . . 1 Critical Strikes 2 | . . 1 1 Destroy 1 | . . 1 . Smash 1 | . . . 1 Melee Attacks 11 | . . . 11 Impact 11 | . . . 11 Slashing . | . . . . Piercing . | . . . . Sneak Attacks . | . . . . Combat Hostiles . | . . . . Follow-up Attacks . | . . . . Damage Inflicted 1136 | . 279 443 414 Guns 766 | . 279 443 44 Cannons . | . . . . Explosions . | . . . . Melee 364 | . . . 364 Ramming 6 | . . . 6 Kinetic 461 | . 153 264 44 Thermal 305 | . 126 179 . Explosive . | . . . . Electromagnetic . | . . . . Impact 364 | . . . 364 Slashing . | . . . . Piercing . | . . . . Highest Corruption . | . . . . Average Corruption . | . . . . Corruption Purged . | . . . . Corruption Blocked . | . . . . Overload Shots . | . . . . Overflow Damage 53 | . . . 53 Projectiles . | . . . . Explosions . | . . . . Melee 53 | . . . 53 Knockbacks . | . . . . Impact . | . . . . Kinetic . | . . . . Secondary . | . . . . Self-Inflicted Damage 3 | . . . 3 Shots . | . . . . Rammed 1 | . . . 1 Targets Rammed 1 | . . . 1 Kicked . | . . . . Crushed . | . . . . Highest Temperature 194 | . 194 41 20 Average Temperature 50 | . 75 12 12 Received Heat Transfer 334 | . 135 159 40 Siege Activations . | . . . . Robots Corrupted . | . . . . Combat Hostiles . | . . . . Parts Fried . | . . . . Impact Corruptions 4 | . . . 4 Robots Melted . | . . . . Combat Hostiles . | . . . . Parts Melted 1 | . 1 . . Heat Transferred 770 | . 370 400 . Parts Sabotaged . | . . . . Parts Stolen . | . . . . Parts Stripped . | . . . . Power Chain Reactions . | . . . . Missiles Intercepted . | . . . . Alert | -11 -10 -9 -9 ------- Run | Jun Mat Mat Min Peak Influence 497 | . 265 497 139 Initial 139 | . . 111 139 Average 222 | . 155 311 128 Maximum Alert Level 2 | . 1 2 . Low Security (%) 47 | 100 72 12 100 Level 1 44 | . 27 72 . Level 2 7 | . . 15 . Level 3 . | . . . . Level 4 . | . . . . Level 5 . | . . . . High Security . | . . . . Max Security . | . . . . Squads Dispatched 5 | . 2 2 1 Investigation . | . . . . Extermination . | . . . . Reinforcement 5 | . 2 2 1 Assault . | . . . . Garrison . | . . . . Intercept . | . . . . Searches Triggered . | . . . . Construction Impeded 1 | . . . 1 Haulers Reinforced . | . . . . Active Scanning Responses . | . . . . Cargo Convoy Interrupts . | . . . . Stealth | -11 -10 -9 -9 --------- Run | Jun Mat Mat Min Distress Signals 1 | . . 1 . Communications Jammed . | . . . . Distress Signals . | . . . . Times Spotted 56 | . 15 25 16 Peak Tracking Total 9 | . 5 8 9 Tactical Retreats 5 | . 1 2 2 Traps | -11 -10 -9 -9 ------- Run | Jun Mat Mat Min Traps Triggered . | . . . . Indirectly . | . . . . Trap Hack Attempts . | . . . . Triggered . | . . . . Disarmed . | . . . . Reprogrammed . | . . . . Reused . | . . . . Traps Extracted . | . . . . Installed . | . . . . Triggered . | . . . . Machines | -11 -10 -9 -9 ---------- Run | Jun Mat Mat Min Machines Disabled . | . . . . Max in Single Turn . | . . . . Machines Repaired . | . . . . Machines Sabotaged . | . . . . Overloaded Fab Kills . | . . . . Hacking | -11 -10 -9 -9 --------- Run | Jun Mat Mat Min Machines Accessed 3 | . 1 2 . Terminals 3 | . 1 2 . Fabricators . | . . . . Repair Stations . | . . . . Recycling Units . | . . . . Scanalyzers . | . . . . Garrison Access . | . . . . Total Hacks 5 | . 1 4 . Successful 3 | . . 3 . Failed 2 | . 1 1 . Catastrophic . | . . . . Database Lockouts . | . . . . Manual . | . . . . Terminals 5 | . 1 4 . Fabricators . | . . . . Repair Stations . | . . . . Recycling Units . | . . . . Scanalyzers . | . . . . Garrison Access . | . . . . Terminal Hacks 3 | . . 3 . Alert Level 1 | . . 1 . Locate Traps 1 | . . 1 . Dispatch Records 1 | . . 1 . Fabricator Hacks . | . . . . Repair Station Hacks . | . . . . Recycling Unit Hacks . | . . . . Scanalyzer . | . . . . Garrison Access Hacks . | . . . . Unauthorized Hacks . | . . . . Terminals . | . . . . Fabricators . | . . . . Repair Stations . | . . . . Recycling Units . | . . . . Scanalyzers . | . . . . Garrison Access . | . . . . Data Cores Recovered . | . . . . Used . | . . . . Hacking Detections 1 | . 1 . . Full Trace Events . | . . . . Feedback Events . | . . . . Feedback Blocked . | . . . . Robot Schematics Acquired . | . . . . Robots Built . | . . . . Authchips . | . . . . Time . | . . . . Total Robot Build Rating . | . . . . Part Schematics Acquired . | . . . . Parts Built . | . . . . Authchips . | . . . . Time . | . . . . Total Part Build Rating . | . . . . Parts Repaired . | . . . . Time . | . . . . Parts Recycled . | . . . . Recycled Matter . | . . . . Retrieved Matter . | . . . . Retrieved Components . | . . . . Parts Scanalyzed . | . . . . Part Schematics Acquired . | . . . . Parts Damaged . | . . . . Bothacking | -11 -10 -9 -9 ------------ Run | Jun Mat Mat Min Used RIF Installer . | . . . . Robots Hacked . | . . . . Non-combat . | . . . . Combat . | . . . . Robot Hacks Applied . | . . . . Relay Couplers Released . | . . . . Fabnet Peak Effective % . | . . . . Robots Rewired . | . . . . Allies Hacked . | . . . . Hacks Repelled . | . . . . Allies | -11 -10 -9 -9 -------- Run | Jun Mat Mat Min Total Allies . | . . . . Largest Group . | . . . . Highest-Rated Group . | . . . . Highest-Rated Ally . | . . . . Total Orders . | . . . . Ally Attacks . | . . . . Total Damage . | . . . . Kills . | . . . . Allies Corrupted . | . . . . Allies Melted . | . . . . Intel | -11 -10 -9 -9 ------- Run | Jun Mat Mat Min Robot Analysis Total . | . . . . Derelict Logs Recovered 1 | . . . 1 Drone Launches . | . . . . Drone Recoveries . | . . . . Exploration | -11 -10 -9 -9 ------------- Run | Jun Mat Mat Min Turns Passed 974 | 57 231 507 179 Spaces Moved 686 | 57 142 380 107 Core 44 | 40 4 . . Treads . | . . . . Legs . | . . . . Wheels 642 | 17 138 380 107 Hover . | . . . . Flight . | . . . . Fastest Speed 50 | 50 80 100 100 Average Speed 96 | 81 92 100 100 Slowest Speed 200 | 200 150 100 100 Overloaded Moves . | . . . . Propulsion Burnouts . | . . . . Robots Hopped . | . . . . Cave-ins Triggered . | . . . . Exploration Rate (%) 17 | 3 22 26 20 Regions Visited 3 Branch Regions 1 Pre-discovered Areas 2 | . . . 2 Known Exits Taken . | . . . . Unknown Exits Taken 3 | 1 1 1 . Scrap Searched . | . . . . Spaces Dug . | . . . . Terrain Destroyed . | . . . . Melee . | . . . . Projectile . | . . . . AOE . | . . . . Terrain Rammed . | . . . . Walls Destroyed . | . . . . Machines Disabled . | . . . . Actions | -11 -10 -9 -9 --------- Run | Jun Mat Mat Min Total 864 | 67 195 453 149 Wait 46 | . 14 11 21 Move 683 | 56 141 379 107 Hop . | . . . . Pick Up 22 | 6 3 12 1 Fast Attach . | . . . . Attach 17 | 5 2 9 1 Detach . | . . . . Swap . | . . . . Drop . | . . . . Fire 84 | . 35 42 7 Melee 11 | . . . 11 Ram 1 | . . . 1 Kick . | . . . . Crush . | . . . . Escape Stasis . | . . . . Rewire . | . . . . Trap . | . . . . Miscellaneous . | . . . . Route ------- -11/Junkyard -10/Materials -9/Materials -9/Mines History --------- Turn | Location | Event 4 | -11/Junkyard | Discovered new exit (range 15) 58 | -11/Junkyard | Entered Materials 241 | -10/Materials | Core integrity fell below 50% 280 | -10/Materials | Discovered new exit (range 7) 289 | -10/Materials | Entered another Materials area 289 | -9/Materials | Evolved 2 slots: Utility x2 321 | -9/Materials | Build established: Mutant 611 | -9/Materials | Core integrity fell below 50% 644 | -9/Materials | Destroyed 8 combat bots 646 | -9/Materials | Lost 3 parts (1p1n1w) 785 | -9/Materials | Discovered new exit (range 5) 796 | -9/Materials | Entered Mines 797 | -9/Mines | Learned location of Storage (-9) 820 | -9/Mines | YI-UF0 nonchalantly dropped a Grenade Launcher on the ground 890 | -9/Mines | Assembled infested the area 895 | -9/Mines | Assisted by a Guerilla fighting off Assembled 937 | -9/Mines | Core integrity fell below 20% 975 | -9/Mines | Destroyed by as-72846 with Assembled Heavy Rifle Last Messages --------------- 00929_ Sml. Laser destroyed. 00936_ Com. Wheel destroyed. 00939_ Lgt. Assault Rifle severed. 00941_ Destroyed Asb. Blade. 00941_ as-03214 system corrupted by crushing effect. 00947_ as-77320 suffers critical hit (Smash). 00947_ Destroyed Asb. Hover Unit. 00947_ as-77320 system corrupted by crushing effect. 00948_ as-77320 system terminally corrupted. 00950_ Imp. Targeting Computer destroyed. 00954_ Ion Engine destroyed. 00959_ Destroyed Asb. Hover Unit. 00959_ as-82846 system corrupted by crushing effect. 00962_ Destroyed Asb. Rifle. 00962_ as-82846 system corrupted by crushing effect. 00962_ as-82846 destroyed. 00965_ as-83760 destroyed. 00968_ as-10608 destroyed. 00971_ Acquired 2 matter. 00971_ Com. Wheel destroyed. Map ----- +----------------------------------------------------+ | ???????????????????????????????????????????????? | | ???????????????????????????????????????????????? | | ???????????????????????????????????????????????? | | ???????????????????????????????????????????????? | | ???????????????????????????????????????????????? | | ???????????????????????????????????????????????? | | ???????????????????????????????????????????????? | | ???????????????????????????????????????????????? | | ???????????????????????????????????????????????? | | ?????????????????####??????????????????????????? | | ????????????????## ##?###?????????????????????? | | ????????##??????# ## ##????????????????????? | | ???????## ??????# ##???????????????????? | | ???????# ?????# #???????????????????? | | # ?????# ?????## #???????????????????? | | #??## ??????## ### ##???????????????????? | | ## #??????## #???##????????????????????? | | # #??????# #?????????????????????????? | | ?# ##????# #?????????????????????????? | | ?????# ##???# #?????????????????????????? | | ???????# ##??# #?????????????????????????? | | ???????#### ##?# #?????????????????????????? | | ??????????## ### #?????????????????????????? | | ???????????# ## ######????????????????????? | | ???????????## [#????????????????????? | | ????????????## ### ####@########?????????????? | | ?????????????#####?# #??#a%% #?????????????? | | ???????????????????# ??####### #??#??????????? | | ??????????????????? ???????# ## #??????????? | | ??????????????????? ??????# #??????????? | | ???????????????????#####??????# ####??????????? | | ??????????????????????????????# #?????????????? | | ?????????????????????????????## %##????????????? | | ????????????????????????????## #????????????? | | ???????????????????????????## #????????????? | | ??????????????????????????## #????????????? | | ??????????????????????????# ! #????????????? | | ??????????????????????????# *%##????????????? | | ??????????????????????????## =#?????????????? | | ????????????????????????# #?????????????? | | ????????????????????????# #?????????????? | | ????????????????????????## #?????????????? | | ???????????????????????? ?????????????? | | ?????????????????????? %%# ????????????? | | ???????????????????? ???????????? | | ???????????????????## ??????????? | | ????????????????????##### ##?????????? | | ????????????????????????# # #??????????? | | ????????????????????????# ## #??????????? | | ????????????????????????#### #? #??????????? | +----------------------------------------------------+ Best States ------------- Heat Dissipation 28 Energy Generation 10 Energy Capacity 250 Matter Stores 300 Matter Capacity 300 Sight Range 18 Terrain Scan Density 10 Armor Coverage 150 Evasion (%) 50 Targeting Accuracy 6 Item Schematics ----------------- None Robot Schematics ------------------ None Fabricated ------------ Nothing Alien Tech Used ----------------- None Achievements -------------- None Challenges ------------ None Game ------ Seed ForceFusionCycler Manual? 0 Play Time 00:14:30 Cumulative 110.1 hours Start 2023.12.23 @ 16:08:23 End 2023.12.23 @ 16:36:20 Sessions 1 Manual Loads 0 Difficulty Rogue Special Mode None Game No. 99 Rogue 99 Adventurer 0 Explorer 0 Win Type - Total 0 Types 0/0/0/0/0/0/0/0/0 Lore% 35 Gallery% 39 Achievement% 30 Wizard Run 0 Options --------- ASCII 0 Keyboard 0 Movement Arrows Keybinds 0 Fullscreen 1 Font 18/SmallcapsGlow Map View 76x50 Tactical HUD 1 Map Filters NONE Filters NONE Steam 1 RUN: fd384552-e337-4462-9ac3-168758198f19